TOP OF THE 1ST |
Tacoma Fur Traders batting - Pitching for Irving Blue Sox : RHP Don Blessing
|
Pitching: RHP Don Blessing
|
|
Batting: LHB Elmer Hudgins
|
0-0: Called Strike 0-1: Ball 1-1: Ball 2-1: Foul Ball, location: 2F 2-2: Foul Ball, location: 2F 2-2: Foul Ball, location: 2F 2-2: Foul Ball, location: 2F 2-2: Foul Ball, location: 2F 2-2: Foul Ball, location: 2F 2-2: Ball 3-2: Base on Balls
|
Batting: RHB Roberto Aguirre
|
0-0: Called Strike 0-1: Ball 1-1: Swinging Strike 1-2: Foul Ball, location: 2F 1-2: Fly out, F8 (Line Drive, 8LD)
|
Batting: RHB Gustavo González
|
0-0: Ball 1-0: Ball 2-0: Foul Ball, location: 2F 2-1: Called Strike 2-2: Strikes out swinging
|
Batting: LHB Ernesto Sánchez
|
0-0: Ball 1-0: Ball 2-0: SINGLE (Groundball, 4D) Elmer Hudgins to second Runner from 2nd tries for 3rd, SAFE, no throw
|
Batting: RHB Chad Silander
|
0-0: SINGLE (Groundball, 56D) Elmer Hudgins scores Ernesto Sánchez to second
|
Batting: SHB Dave Gant
|
0-0: Called Strike 0-1: Foul Ball, location: 2F 0-2: Ball 1-2: Ball 2-2: Foul Ball, location: 2F 2-2: DOUBLE (Flyball, 89D) Ernesto Sánchez scores Chad Silander to third
|
Batting: RHB David Tineo
|
0-0: Called Strike 0-1: Foul Ball, location: 2F 0-2: Fly out, F7 (Flyball, 7)
|
Top of the 1st over - 2 runs, 3 hits, 0 errors, 2 left on base; Tacoma 2 - Irving 0 |
BOTTOM OF THE 1ST |
Irving Blue Sox batting - Pitching for Tacoma Fur Traders : RHP Iván Vázquez
|
Pitching: RHP Iván Vázquez
|
|
Batting: RHB Carlos Ramírez
|
0-0: Swinging Strike 0-1: Ball 1-1: Foul Ball, location: 2F 1-2: Ball 2-2: Strikes out swinging
|
Batting: RHB Tom Boyer
|
0-0: Ball 1-0: Swinging Strike 1-1: Ball 2-1: Ball 3-1: Base on Balls
|
Batting: LHB Myron Rosenbalm
|
0-0: Ball 1-0: Ball 2-0: Foul Ball, location: 2F 2-1: Ball 3-1: Base on Balls Tom Boyer to second
|
Batting: RHB Scott Donlan
|
0-0: 3-RUN HOME RUN (Line Drive, 7LD), Distance : 357 ft
|
Batting: RHB Eisse Cals
|
0-0: Swinging Strike 0-1: Ball 1-1: Foul Ball, location: 2F 1-2: Foul Ball, location: 2F 1-2: Strikes out looking
|
Batting: RHB Cisco Hernández
|
0-0: Foul Ball, location: 2F 0-1: Ball 1-1: Ground out 1-3 (Groundball, P)
|
Bottom of the 1st over - 3 runs, 1 hit, 0 errors, 0 left on base; Tacoma 2 - Irving 3 |
TOP OF THE 2ND |
Tacoma Fur Traders batting - Pitching for Irving Blue Sox : RHP Don Blessing
|
Batting: RHB Jonathan Barnett
|
0-0: Fly out, F3 (Popup, 3DF)
|
Batting: RHB Luis Flores
|
0-0: Foul Ball, location: 2F 0-1: Swinging Strike 0-2: SINGLE (Groundball, 4MS) (infield hit)
|
Batting: LHB Elmer Hudgins
|
0-0: Ball 1-0: Ball Luis Flores is caught stealing 2nd base 2-0: Foul Ball, location: 2F 2-1: Ball 3-1: Base on Balls
|
Batting: RHB Roberto Aguirre
|
0-0: Called Strike Elmer Hudgins steals 2nd base 0-1: Fly out, F6 (Popup, 6MS)
|
Top of the 2nd over - 0 runs, 1 hit, 0 errors, 1 left on base; Tacoma 2 - Irving 3 |
BOTTOM OF THE 2ND |
Irving Blue Sox batting - Pitching for Tacoma Fur Traders : RHP Iván Vázquez
|
Batting: SHB John Clayton
|
0-0: Called Strike 0-1: Fly out, F5 (Line Drive, 56)
|
Batting: RHB António Macías
|
0-0: Ground out 5-3 (Groundball, 56)
|
Batting: RHB Sung-min Pae
|
0-0: SINGLE (Line Drive, 89S)
|
Batting: RHB Carlos Ramírez
|
0-0: Ball 1-0: Fly out, F8 (Line Drive, 78M)
|
Bottom of the 2nd over - 0 runs, 1 hit, 0 errors, 1 left on base; Tacoma 2 - Irving 3 |
TOP OF THE 3RD |
Tacoma Fur Traders batting - Pitching for Irving Blue Sox : RHP Don Blessing
|
Batting: RHB Gustavo González
|
0-0: Called Strike 0-1: Foul Ball, location: 2F 0-2: Ball 1-2: Foul Ball, location: 2F 1-2: Ground out 6-3 (Groundball, 6)
|
Batting: LHB Ernesto Sánchez
|
0-0: Ball 1-0: Ball 2-0: Swinging Strike 2-1: Ball 3-1: Fly out, F7 (Flyball, 7LD)
|
Batting: RHB Chad Silander
|
0-0: Called Strike 0-1: Ball 1-1: Foul Ball, location: 2F 1-2: Foul Ball, location: 2F 1-2: Ball 2-2: Ball 3-2: Fly out, F8 (Flyball, 8RD)
|
Top of the 3rd over - 0 runs, 0 hits, 0 errors, 0 left on base; Tacoma 2 - Irving 3 |
BOTTOM OF THE 3RD |
Irving Blue Sox batting - Pitching for Tacoma Fur Traders : RHP Iván Vázquez
|
Batting: RHB Tom Boyer
|
0-0: Ball 1-0: Ball 2-0: Ball 3-0: Base on Balls
|
Batting: LHB Myron Rosenbalm
|
0-0: Called Strike 0-1: Called Strike 0-2: Ball 1-2: Strikes out swinging
|
Batting: RHB Scott Donlan
|
0-0: SINGLE (Groundball, 6MD) Tom Boyer to second
|
Batting: RHB Eisse Cals
|
0-0: Ball 1-0: Ball 2-0: Swinging Strike 2-1: Foul Ball, location: 2F 2-2: Strikes out swinging
|
Batting: RHB Cisco Hernández
|
0-0: Called Strike 0-1: Swinging Strike 0-2: Ball 1-2: Foul Ball, location: 2F 1-2: Ground out 5-3 (Groundball, 5S)
|
Bottom of the 3rd over - 0 runs, 1 hit, 0 errors, 2 left on base; Tacoma 2 - Irving 3 |
TOP OF THE 4TH |
Tacoma Fur Traders batting - Pitching for Irving Blue Sox : RHP Don Blessing
|
Batting: SHB Dave Gant
|
0-0: Called Strike 0-1: SINGLE (Line Drive, 8RS)
|
Batting: RHB David Tineo
|
0-0: Ball 1-0: Ball 2-0: Foul Ball, location: 2F 2-1: Foul Ball, location: 2F 2-2: Ball 3-2: Foul Ball, location: 2F 3-2: Base on Balls Dave Gant to second
|
Batting: RHB Jonathan Barnett
|
0-0: Called Strike 0-1: Ball 1-1: Fly out, F8 (Flyball, 8RM)
|
Batting: RHB Luis Flores
|
0-0: Foul Ball, location: 2F 0-1: Ball 1-1: Grounds into double play, 1-6-3 (Groundball, P)
|
Top of the 4th over - 0 runs, 1 hit, 0 errors, 1 left on base; Tacoma 2 - Irving 3 |
BOTTOM OF THE 4TH |
Irving Blue Sox batting - Pitching for Tacoma Fur Traders : RHP Iván Vázquez
|
Batting: SHB John Clayton
|
0-0: Called Strike 0-1: Ball 1-1: Fly out, F9 (Flyball, 89D)
|
Batting: RHB António Macías
|
0-0: Called Strike 0-1: Ball 1-1: DOUBLE (Line Drive, 78D)
|
Batting: RHB Sung-min Pae
|
0-0: Foul Ball, location: 2F 0-1: Ball 1-1: Ground out 4-3 (Groundball, 4M) António Macías to third
|
Batting: RHB Carlos Ramírez
|
0-0: Called Strike 0-1: Foul Ball, location: 2F 0-2: Ball 1-2: Strikes out swinging
|
Bottom of the 4th over - 0 runs, 1 hit, 0 errors, 1 left on base; Tacoma 2 - Irving 3 |
TOP OF THE 5TH |
Tacoma Fur Traders batting - Pitching for Irving Blue Sox : RHP Don Blessing
|
Batting: LHB Elmer Hudgins
|
0-0: Called Strike 0-1: Called Strike 0-2: Strikes out swinging
|
Batting: RHB Roberto Aguirre
|
0-0: Ball 1-0: Ball 2-0: Called Strike 2-1: Ball 3-1: Base on Balls
|
Batting: RHB Gustavo González
|
0-0: Called Strike Roberto Aguirre steals 2nd base 0-1: Ball 1-1: Ball 2-1: Ball 3-1: Called Strike 3-2: Foul Ball, location: 2F 3-2: SINGLE (Line Drive, 7S) Roberto Aguirre to third
|
Batting: LHB Ernesto Sánchez
|
0-0: Foul Ball, location: 2F 0-1: SINGLE (Groundball, 34D) Roberto Aguirre scores Gustavo González to second Runner from 2nd tries for 3rd, SAFE, no throw
|
Batting: RHB Chad Silander
|
0-0: Foul Ball, location: 2F 0-1: Grounds into double play, 6-4-3 (Groundball, 6)
|
Top of the 5th over - 1 run, 2 hits, 0 errors, 1 left on base; Tacoma 3 - Irving 3 |
BOTTOM OF THE 5TH |
Irving Blue Sox batting - Pitching for Tacoma Fur Traders : RHP Iván Vázquez
|
Batting: RHB Tom Boyer
|
0-0: Ball 1-0: Fly out, F6 (Popup, 6D)
|
Batting: LHB Myron Rosenbalm
|
0-0: Called Strike 0-1: Swinging Strike 0-2: Strikes out looking
|
Batting: RHB Scott Donlan
|
0-0: Foul Ball, location: 2F 0-1: SINGLE (Flyball, 8RS)
|
Batting: RHB Eisse Cals
|
0-0: Called Strike 0-1: Ground out 6-3 (Groundball, 6S)
|
Bottom of the 5th over - 0 runs, 1 hit, 0 errors, 1 left on base; Tacoma 3 - Irving 3 |
TOP OF THE 6TH |
Tacoma Fur Traders batting - Pitching for Irving Blue Sox : RHP Don Blessing
|
Batting: SHB Dave Gant
|
0-0: Foul Ball, location: 2F 0-1: Foul Ball, location: 2F 0-2: Ground out U3 (Groundball, 3)
|
Batting: RHB David Tineo
|
0-0: Foul Ball, location: 2F 0-1: Ball 1-1: Fly out, F9 (Flyball, 89S)
|
Batting: RHB Jonathan Barnett
|
0-0: Called Strike 0-1: Ground out 5-3 (Groundball, 56S)
|
Top of the 6th over - 0 runs, 0 hits, 0 errors, 0 left on base; Tacoma 3 - Irving 3 |
BOTTOM OF THE 6TH |
Irving Blue Sox batting - Pitching for Tacoma Fur Traders : RHP Iván Vázquez
|
Batting: RHB Cisco Hernández
|
0-0: Called Strike 0-1: Foul Ball, location: 2F 0-2: Ball 1-2: Ball 2-2: Foul Ball, location: 2F 2-2: Ball 3-2: Foul Ball, location: 2F 3-2: Base on Balls
|
Batting: SHB John Clayton
|
0-0: Sac Bunt - play at first, batter OUT! 1-4 Cisco Hernández to second
|
Batting: RHB António Macías
|
0-0: Ground out 5-3 (Groundball, 56S) Cisco Hernández to third
|
Batting: RHB Sung-min Pae
|
0-0: Called Strike 0-1: Ball 1-1: Foul Ball, location: 2F 1-2: Foul Ball, location: 2F 1-2: Ground out 5-3 (Groundball, 5)
|
Bottom of the 6th over - 0 runs, 0 hits, 0 errors, 1 left on base; Tacoma 3 - Irving 3 |
TOP OF THE 7TH |
Tacoma Fur Traders batting - Pitching for Irving Blue Sox : RHP Don Blessing
|
Batting: RHB Luis Flores
|
0-0: Ball 1-0: Ball 2-0: Swinging Strike 2-1: Foul Ball, location: 2F 2-2: Ground out 6-3 (Groundball, 6)
|
Batting: LHB Elmer Hudgins
|
0-0: Ball 1-0: Ball 2-0: Called Strike 2-1: SINGLE (Line Drive, 6M)
|
Pinch Hitting: RHB Trevor O'Herlihy
|
0-0: Called Strike 0-1: Fly out, F7 (Flyball, 7D)
|
Batting: RHB Gustavo González
|
0-0: Called Strike 0-1: Ball Elmer Hudgins is caught stealing 2nd base
|
Top of the 7th over - 0 runs, 1 hit, 0 errors, 0 left on base; Tacoma 3 - Irving 3 |
BOTTOM OF THE 7TH |
Irving Blue Sox batting - Pitching for Tacoma Fur Traders : RHP Iván Vázquez
|
Now at 3B: Fred Leos
|
|
Batting: RHB Carlos Ramírez
|
0-0: Called Strike 0-1: Ball 1-1: Swinging Strike 1-2: SINGLE (Groundball, 56S) (infield hit)
|
Batting: RHB Tom Boyer
|
0-0: Ball 1-0: Foul Ball, location: 2F 1-1: Ball 2-1: Foul Ball, location: 2F 2-2: Foul Ball, location: 2F 2-2: Ball 3-2: Foul Ball, location: 2F 3-2: Base on Balls Carlos Ramírez to second
|
Batting: LHB Myron Rosenbalm
|
0-0: Called Strike 0-1: Foul Ball, location: 2F 0-2: Foul Ball, location: 2F 0-2: Ball 1-2: Foul Ball, location: 2F 1-2: Strikes out swinging
|
Batting: RHB Scott Donlan
|
0-0: Ball 1-0: Fly out, F7 (Flyball, 7LSF)
|
Batting: RHB Eisse Cals
|
0-0: Ball 1-0: SINGLE (Groundball, 56S) (infield hit) Carlos Ramírez to third Tom Boyer to second
|
Batting: RHB Cisco Hernández
|
0-0: Called Strike 0-1: Ball 1-1: Ball 2-1: Ground out 1-3 (Groundball, P)
|
Bottom of the 7th over - 0 runs, 2 hits, 0 errors, 3 left on base; Tacoma 3 - Irving 3 |
TOP OF THE 8TH |
Tacoma Fur Traders batting - Pitching for Irving Blue Sox : RHP Don Blessing
|
Batting: RHB Gustavo González
|
0-0: Ball 1-0: Ball 2-0: Ball 3-0: Foul Ball, location: 2F 3-1: Base on Balls
|
Pitching: RHP Martin Besnier
|
|
Batting: LHB Ernesto Sánchez
|
0-0: Foul Ball, location: 2F 0-1: Ball 1-1: Ball 2-1: Ball 3-1: Foul Ball, location: 2F 3-2: Fly out, F8 (Flyball, 8LM)
|
Batting: RHB Chad Silander
|
0-0: Called Strike 0-1: SINGLE (Line Drive, 8LS) Gustavo González to second
|
Batting: SHB Dave Gant
|
0-0: Called Strike 0-1: Called Strike 0-2: Ball 1-2: Ball 2-2: Ball 3-2: Foul Ball, location: 2F 3-2: Base on Balls Gustavo González to third Chad Silander to second
|
Batting: RHB David Tineo
|
0-0: Called Strike 0-1: Ball 1-1: Foul Ball, location: 2F 1-2: Foul Ball, location: 2F 1-2: Fly out, F7 (Line Drive, 7S) Runner from 3rd tags up, SCORES, no throw
|
Batting: RHB Jonathan Barnett
|
0-0: Ball 1-0: Ball Wild Pitch! Chad Silander to third Dave Gant to second 2-0: Called Strike 2-1: Foul Ball, location: 2F 2-2: Ball 3-2: Strikes out looking
|
Top of the 8th over - 1 run, 1 hit, 0 errors, 2 left on base; Tacoma 4 - Irving 3 |
BOTTOM OF THE 8TH |
Irving Blue Sox batting - Pitching for Tacoma Fur Traders : RHP Iván Vázquez
|
Pitching: RHP Russell Hendrickson
|
|
Batting: SHB John Clayton
|
0-0: Called Strike 0-1: Ball 1-1: Ground out 6-3 (Groundball, 6)
|
Batting: RHB António Macías
|
0-0: Reached on error, E6 (Groundball, 6)
|
Batting: RHB Sung-min Pae
|
0-0: Called Strike 0-1: Sac Bunt - play at first, batter OUT! 1-4 António Macías to second
|
Batting: RHB Carlos Ramírez
|
0-0: Ball 1-0: Foul Ball, location: 2F 1-1: Ball 2-1: Ball 3-1: Base on Balls
|
Batting: RHB Tom Boyer
|
0-0: Fly out, F8 (Flyball, 78XD)
|
Bottom of the 8th over - 0 runs, 0 hits, 1 error, 2 left on base; Tacoma 4 - Irving 3 |
TOP OF THE 9TH |
Tacoma Fur Traders batting - Pitching for Irving Blue Sox : RHP Martin Besnier
|
Batting: RHB Luis Flores
|
0-0: Ball 1-0: Ball 2-0: Called Strike 2-1: Swinging Strike 2-2: Ball 3-2: Foul Ball, location: 2F 3-2: Fly out, F9 (Flyball, 9)
|
Batting: LHB Elmer Hudgins
|
0-0: Ball 1-0: Ball 2-0: Swinging Strike 2-1: Fly out, F5 (Line Drive, 5)
|
Batting: SHB Fred Leos
|
0-0: Called Strike 0-1: Ball 1-1: Foul Ball, location: 2F 1-2: Foul Ball, location: 2F 1-2: Ball 2-2: Ball 3-2: Foul Ball, location: 2F 3-2: Base on Balls
|
Batting: RHB Gustavo González
|
0-0: Foul Ball, location: 2F 0-1: Ball Fred Leos steals 2nd base 1-1: Ball Passed Ball! Fred Leos to third 2-1: 2-RUN HOME RUN (Flyball, 7D), Distance : 394 ft
|
Batting: LHB Ernesto Sánchez
|
0-0: Called Strike 0-1: Swinging Strike 0-2: Ball 1-2: Ball 2-2: Ground out 4-3 (Groundball, 34D)
|
Top of the 9th over - 2 runs, 1 hit, 0 errors, 0 left on base; Tacoma 6 - Irving 3 |
BOTTOM OF THE 9TH |
Irving Blue Sox batting - Pitching for Tacoma Fur Traders : RHP Russell Hendrickson
|
Pitching: RHP Trevor Brohard
|
|
Batting: LHB Myron Rosenbalm
|
0-0: Foul Ball, location: 2F 0-1: Ball 1-1: Ball 2-1: Ball 3-1: SINGLE (Groundball, 4MD)
|
Batting: RHB Scott Donlan
|
0-0: Foul Ball, location: 2F 0-1: Called Strike 0-2: Foul Ball, location: 2F 0-2: Ball 1-2: DOUBLE (Line Drive, 7LD) Myron Rosenbalm to third
|
Batting: RHB Eisse Cals
|
0-0: Ball 1-0: Ball 2-0: Fly out, F8 (Flyball, 8RD) Runner from 3rd tags up, SCORES, no throw
|
Batting: RHB Cisco Hernández
|
0-0: Called Strike 0-1: Ground out 1-3 (Groundball, P) Scott Donlan to third
|
Batting: SHB John Clayton
|
0-0: Ball 1-0: Called Strike 1-1: Ball 2-1: Ball 3-1: Called Strike 3-2: Base on Balls
|
Pinch Hitting: RHB Manny Gonzáles
|
0-0: Foul Ball, location: 2F 0-1: Called Strike 0-2: Ball 1-2: Foul Ball, location: 2F 1-2: SINGLE (Groundball, 6MD) Scott Donlan scores John Clayton to second Runner from 2nd tries for 3rd, SAFE, no throw
|
Batting: RHB Sung-min Pae
|
0-0: Ball 1-0: Foul Ball, location: 2F 1-1: Ball 2-1: Foul Ball, location: 2F 2-2: SINGLE (Groundball, 6MD) John Clayton scores Manny Gonzáles to second Runner from 2nd tries for 3rd, SAFE, throw made to third
|
Batting: RHB Carlos Ramírez
|
0-0: Ball 1-0: SINGLE (Groundball, 56D) Manny Gonzáles scores
|
Tuesday, December 19th, 2017 - OOTP Baseball 18.8 Build 76
|
|